 Dungeon Crawl Stone Soup version 0.19-a0-27-g415f530 (webtiles) character file.

30 M4edhros the Insei (level 3, 0/28 HPs)
             Began as a Vampire Monk on May 1, 2016.
             Was a Believer of Cheibriados.
             Slain by a hobgoblin
             ... wielding a +0 club
              (3 damage)
             ... on level 3 of the Dungeon.
             The game lasted 00:02:12 (444 turns).

M4edhros the Insei (Vampire Monk)                    Turns: 444, Time: 00:02:14

Health: 0/28       AC:  2    Str: 16    XL:     3   Next: 3%
Magic:  3/3        EV: 14    Int: 17    God:    Cheibriados [**....]
Gold:   40         SH:  0    Dex: 21    Spells: 0 memorised, 2 levels left

rFire  . . .     SeeInvis +       - Unarmed
rCold  . . .     Gourm    .     a - +0 robe
rNeg   . . .     Faith    .     (no shield)
rPois  +         Spirit   .     (no helmet)
rElec  .         Dismiss  .     (no cloak)
rCorr  .         Reflect  .     (no gloves)
SustAt .         Harm     .     (no boots)
MR     .....                    (no amulet)
Stlth  +++.......               (no ring)
                                (no ring)

@: lethally poisoned (0 -> -10), regenerating quickly, slowed, very slow, not
resistant to hostile enchantments, fairly stealthy
A: fangs 3, see invisible, poison resistance, unbreathing
a: Bend Time, Renounce Religion


You were on level 3 of the Dungeon.
You worshipped Cheibriados.
Cheibriados was pleased with you.
You were very full.

You visited 1 branch of the dungeon, and saw 3 of its levels.

You collected 40 gold pieces.

Inventory:

Armour
 a - a +0 robe (worn)
Jewellery
 b - an uncursed ring of positive energy {unknown}


   Skills:
 - Level 2.6 Fighting
 - Level 3.2 Dodging
 - Level 3.0 Stealth
 + Level 5.5 Unarmed Combat


You had 2 spell levels left.
You didn't know any spells.

Dungeon Overview and Level Annotations

Branches:
Dungeon (3/15)

Altars:
Cheibriados
Elyvilon
Qazlal
Trog


Innate Abilities, Weirdness & Mutations

Your natural rate of healing is unusually fast.
You have razor-sharp teeth.
You have supernaturally acute eyesight.
You can survive without breathing.
Your system is resistant to poisons.


Message History

Okay, then.
Read which item? (? for menu, Esc to quit)
As you read the scroll labeled JUOP PAIWIMO, it crumbles to dust.
You feel blessed for a moment.
It was a scroll of remove curse.
* * * LOW HITPOINT WARNING * * *
You feel sick. The bat barely misses you. The bat hits you.
* * * LOW HITPOINT WARNING * * *
The ooze hits you.
* * * LOW HITPOINT WARNING * * *
The hobgoblin misses you. The bat closely misses you.
The hobgoblin hits you but does no damage.
The ooze misses you.
Unknown command.
Read which item? (? for menu, Esc to quit)
As you read the scroll labeled BUEVVUOZOSK, it crumbles to dust.
The creatures around you are filled with an inner flame!
It was a scroll of immolation.
* * * LOW HITPOINT WARNING * * *
You feel sick. The bat barely misses you. The hobgoblin hits you with a club.
You die...

...... #....# .# ...
...... #....# .###..#
.......###....# ......#
........##....##......#
...<...##............. #
.......##.....#.....#. .
#).....####......... #
#......####.#g⌠.⌠.#.
#####.........#.@.......
....'.....)...#J#gb...#.
#####.........#...._....
# #......####.#.....#. #
#......# #......... ###
#......# #.#.⌠.⌠.#. ..#
#......# #......... ..#
#......# #.#.....#. %.#
######## #.. ....


You could see an ooze (inner flame), 2 hobgoblins and a bat (inner flame).

Vanquished Creatures
  An adder (D:3)
  A worm (D:2)
  A dart slug (D:1)
  2 bats
  2 goblins
  A hobgoblin (D:1)
  2 jackals (D:3)
  A quokka (D:3)
  2 ball pythons (D:3)
  A kobold (D:3)
  2 rats
16 creatures vanquished.

Notes
Turn   | Place    | Note
--------------------------------------------------------------
     0 | D:1      | M4edhros the Vampire Monk began the quest for the Orb.
     0 | D:1      | Reached XP level 1. HP: 17/17 MP: 1/1
   149 | D:2      | Found a stormy altar of Qazlal.
   189 | D:2      | Reached XP level 2. HP: 17/23 MP: 2/2
   206 | D:2      | Found a snail-covered altar of Cheibriados.
   208 | D:2      | Found a bloodstained altar of Trog.
   213 | D:2      | Became a worshipper of Cheibriados the Contemplative
   213 | D:2      | Reached * piety under Cheibriados
   213 | D:2      | Reached ** piety under Cheibriados
   261 | D:2      | Reached skill level 5 in Unarmed Combat
   415 | D:3      | Reached XP level 3. HP: 12/28 MP: 3/3
   435 | D:3      | Found a white marble altar of Elyvilon.
   442 | D:3      | Gained mutation: Your system is resistant to poisons. [potion of beneficial mutation]
   444 | D:3      | Slain by a hobgoblin

Vault maps used:
D:1:      scummos_arrival_checkerplants
D:2:      gammafunk_pakellas_statue_experiment, minitemple, first_bread,
          minmay_ruptured
D:3:      elyvilon_altar_5, portal_sewer_entry_d, uniq_jessica

Skill      XL: |  1  2 |
---------------+-------+-----
Unarmed Combat | 5 |  5.5
Fighting       | |  2.6
Dodging        | |  3.2
Stealth        | |  3.0

Action                   || total
-------------------------++-------
Melee: Unarmed           ||    60
       Bite              ||    10
       Punch             ||     2
  Use: Potion            ||     8
       Scroll            ||     2
 Stab: Sleeping          ||     3
Armor: Robe              ||    12
Dodge: Dodged            ||    54
